 Dungeon Crawl Stone Soup version 0.31-a0-544-gceb718ecc6 (webtiles) character file.

Game seed: 14110291742861568470

26 IdlyInterested the Slasher (level 2, 0/23 HPs)
             Began as a Demonspawn Gladiator on Aug 15, 2023.
             Succumbed to an adder's poison
             ... on level 2 of the Dungeon.
             The game lasted 00:03:51 (1345 turns).

IdlyInterested the Slasher (Demonspawn Gladiator)   Turns: 1345, Time: 00:03:51

Health: 0/23       AC:  9    Str: 14    XL:     2   Next: 89%
Magic:  2/2        EV:  7    Int: 15    God:
Gold:   98         SH:  0    Dex: 14    Spells: 1/1 levels left

rFire   + . .        a - +0 long sword
rCold   + . .        (no shield)
rNeg    . . .        i - +0 chain mail
rPois   +            c - +0 helmet
rElec   +            (no cloak)
rCorr   +            (no gloves)
SInv    .            (no boots)
Will    .....        (no amulet) Stlth
                     t - +6 ring of intelligence
HPRegen 0.23/turn    (no ring)
MPRegen 0.08/turn

%: no passive effects
@: lethally poisoned (0 -> -5), resistant, invisible
A: demonic magic 1
a: no special abilities


You were on level 2 of the Dungeon.
You visited 1 branch of the dungeon, and saw 2 of its levels.

You collected 98 gold pieces.

Inventory:

Hand Weapons
 a - a +0 long sword (weapon)
 k - a +0 short sword
 n - a +0 quarterstaff
Missiles
 d - 3 throwing nets
 e - a javelin
 l - 10 stones (quivered)
Armour
 b - a +0 leather armour
 c - a +0 helmet (worn)
 i - a +0 chain mail (worn)
 q - a +0 robe
 s - a +0 plate armour
Jewellery
 t - a +6 ring of intelligence (left hand)
Scrolls
 f - 2 scrolls of amnesia {unknown}
 g - a scroll of vulnerability {unknown}
 h - a scroll of identify {unknown}
 j - a scroll of blinking {unknown}
 o - a scroll of summoning {unknown}
Potions
 m - a potion of mutation {unknown}


   Skills:
 + Level 2.5 Fighting
 * Level 1.0(2.1) Short Blades
 - Level 3.0(3.1) Long Blades
 - Level 1.7 Throwing
 + Level 2.8 Dodging


You had one spell level left.
You didn't know any spells.
Your spell library was empty.

Dungeon Overview and Level Annotations

Branches:
Dungeon (2/15)

Altars:


Innate Abilities, Weirdness & Mutations

Spells you cast may paralyse adjacent enemies.


Message History

The adder is moderately wounded.
The adder bites you.
You are poisoned.
The adder poisons you! The adder bites you but does no damage.
You barely miss the adder.
The adder is moderately wounded.
You feel sick. The adder bites you.
You are more poisoned.
The adder poisons you! The adder bites you but does no damage.
You miss the adder.
The adder is moderately wounded.
You feel very sick. The adder bites you.
You closely miss the adder.
The adder is moderately wounded.
You feel sick. The adder bites you but does no damage.
The adder closely misses you.
You hit the adder but do no damage.
The adder is moderately wounded.
You feel sick. The adder bites you.
You are lethally poisoned!
The adder poisons you! The adder barely misses you.
You closely miss the adder.
The adder is moderately wounded.
* * * LOW HITPOINT WARNING * * *
You feel very sick. The adder barely misses you.
You miss the adder.
The adder is moderately wounded.
* * * LOW HITPOINT WARNING * * *
You feel very sick. The adder barely misses you. The adder bites you.
* * * LOW HITPOINT WARNING * * *
It was a potion of resistance.
You feel protected.
* * * LOW HITPOINT WARNING * * *
You feel sick. The adder bites you but does no damage.
It was a potion of invisibility.
You fade into invisibility!
You die...

........####........#
..........####.......#
......................
..........####........
..........# #>.......
..........# #........
..........####........
......................
......S@#.....#######.
..............#
......####....# .....#
#....# ..... #....#
..$. ###### ###


You could see an adder (unable to see you).

Vanquished Creatures
  A worm (D:2)
  An endoplasm (D:1)
  2 giant cockroaches (D:2)
  2 hobgoblins (D:1)
  4 ball pythons (D:1)
  2 bats
  2 frilled lizards (D:2)
  6 goblins
  3 kobolds
  2 rats (D:1)
25 creatures vanquished.

Notes
Turn   | Place    | Note
-------+----------+-------------------------------------------
     0 | D:1      | IdlyInterested the Demonspawn Gladiator began the quest for
                  | the Orb.
     0 | D:1      | Reached XP level 1. HP: 16/16 MP: 1/1
   446 | D:1      | Reached skill level 3 in Long Blades
   460 | D:1      | Gained mutation: Spells you cast may paralyse adjacent
                  | enemies. [demonic ancestry]
   460 | D:1      | Reached XP level 2. HP: 23/23 MP: 2/2
   724 | D:1      | Found a faded altar of an unknown god.
  1244 | D:2      | Reached skill level 1 in Short Blades
  1343 | D:2      | HP: 1/23 [adder (1)]
  1345 | D:2      | Succumbed to an adder's poison

Illustrated notes

Levels and vault maps discovered:
D:1:      lemuel_arrival_river_ford, layout_loops_ring,
          ebering_ecumenical_altar_hall, hangedman_decor_peaks_small,
          minmay_unequal
D:2:      layout_rooms, minmay_strange_pillars

Skill      XL: |  1  2 |
---------------+-------+-----
Long Blades    | 3 |  3.0
Short Blades   | 1 |  1.0
Fighting       | |  2.5
Throwing       | |  1.7
Dodging        | |  2.8

Action                     || total
---------------------------++-------
  Melee: Long sword        ||    99
         Punch             ||     1
    Use: Potion            ||     2
 Armour: Chain mail        ||    51
         Leather armour    ||     7
  Dodge: Dodged            ||    43

Table legend: (Time is in decaauts)
 A = Elapsed time spent in this place.
 B = Non-inter-level travel time spent in this place.
 C = Inter-level travel time spent in this place.
 D = Time resting spent in this place.
 E = Time spent auto-exploring this place.
 F = Levels seen in this place.
 G = Mean time per level.
                   A        B        C        D        E       F      G
               +--------+--------+--------+--------+--------+-----+--------+
         Total |   1381 |   1113 |    268 |    162 |    586 |   2 |  690.5 |
       Dungeon |   1381 |   1113 |    268 |    162 |    586 |   2 |  690.5 |
               +--------+--------+--------+--------+--------+-----+--------+

Top non-repeatable levels by time:
     D:1: 1180 daAuts
     D:2: 201 daAuts
